Ben, chaotic male elven Wizard --.------ --------- --------- --------- --------- |.......| |.......| |.......| |........### |.......| |.......| |........#####........| |.......| # |.......| |.......| |.......| |.......| |.......| ###|.......| |.......| #........| |.@....)| |.......| #........| |........#####|.......| |<......| |.......| |.......| --.------ -.------- -------.- -----|--- --------- ## ## #) ### # # # # ## ##### ## #) ----.---- ------.-- -----|--- --.------ |.......| |....>..| |.......| |.......| |..[....| |.......| |........#####......[.| |.*.....| |.......| |...`...| |.......| |.......| |.......| |.......| |.......| |.......| |.......| |.......| |.......| --------- --------- --------- --------- Ben the Conjurer Experience level: 5 Strength: 5 Dexterity: 14 Constitution: 13 Intelligence: 20 Wisdom: 12 Charisma: 12 Health: 39(43) Energy: 45(76) AC: 9 Gold: 2389 Moves: 781 Your Inventory: Coins $ - 2389 gold pieces Weapons a - a blessed +1 quarterstaff (weapon in hands) Armor b - an uncursed fireproof +0 cloak of magic resistance (being worn) J - an [uncursed -1] pair of snow boots [levitation] Comestibles r - an [uncursed] tin [of sewer rat meat] v - 2 [uncursed] tripe rations w - an [uncursed] lichen corpse O - an [uncursed] slime mold V - an [uncursed] orange Scrolls j - 3 uncursed scrolls of enchant weapon k - an uncursed scroll of enchant armor Spellbooks l - a blessed spellbook of force bolt m - an uncursed spellbook of detect unseen t - an [uncursed] spellbook of light B - an [uncursed] spellbook of cure sickness Potions g - an uncursed potion of speed L - an [uncursed] potion of monster detection M - an [uncursed] potion of extra healing U - an [uncursed] sky blue potion [of object detection] Rings d - an uncursed ring of polymorph e - an uncursed +2 ring of gain constitution (on right hand) Q - an [uncursed] porcelain ring [of teleport control] Wands c - an uncursed wand of fire (0:2) y - an [uncursed] wand of magic missile [0:2] z - an [uncursed] electrum wand [of striking (0:5)] T - an [uncursed] wand of magic missile [0:6] Tools n - an uncursed magic marker (0:51) o - an uncursed blindfold A - an [uncursed] key [skeleton key] N - an [uncursed] brass lantern (lit) Gems u - an [uncursed] violet gem [worthless glass] C - an [uncursed] blue gem [aquamarine] P - an [uncursed] red gem [worthless glass] R - an [uncursed] orange gem [worthless glass] Spells known in the end: Name Level Category Fail Memory a - force bolt 1 attack 0% [||||||||] b - detect unseen 3 divination 71% [||||||||] c - cure sickness 3 healing 71% [||||||||] d - light 1 divination 0% [||||||||] Your skills at the end: Fighting Skills Weapon Skills quarterstaff [Basic / Expert] Spellcasting Skills attack spells [Basic / Expert] enchantment spells [Basic / Skilled] Final Attributes: You were fervently aligned. Hunger level was 921. Your alignment was 13 / 13. Monster difficulty range was 0 - 3. Level difficulty was 2. You were immune to sleep. You were magic-protected. You saw invisible. You had infravision. Your luck was zero. You survived. Vanquished creatures: a shopkeeper a small mimic a werejackal an acid blob 6 jackals 2 foxes a kobold 2 grid bugs 2 lichens 2 kobold zombies 2 newts 21 creatures vanquished. Voluntary challenges: You were an atheist. You used a wielded weapon 11 times. You read items or engraved 11 times. You put on armor 1 time. You never genocided any monsters. You never polymorphed an object. You never changed form. You used no wishes. You never wrote Elbereth's name. You never encountered a bones level. You never used any Sokoban shortcuts. Dungeon overview: The Dungeons of Doom: levels 1 to 2 Level 1 a fountain a long staircase Level 2 <- You were here a general store History has recorded: On T:1 you entered the Dungeons of Doom to retrieve the Amulet of Yendor! On T:354 you reached level 2 of The Dungeons of Doom. On T:433 you advanced to experience level 2. On T:504 you advanced to experience level 3. On T:600 you advanced to experience level 4. On T:705 you advanced to experience level 5. Latest messages: [HP+1=36] [HP+1=37] The door opens. [HP+1=38] The kobold throws a dart! You are almost hit by a dart. [HP+1=39] The kobold hits! [HP-1=38] You kill the kobold! Ecch - that must have been poisonous! Your movements are slowed slightly because of your load. This kobold corpse tastes terrible! [HP-1=37] [HP+1=38] You finish eating the kobold corpse. [14 turns] [HP+1=39] [2 turns] Final status: Goodbye Ben the Wizard... You quit in The Dungeons of Doom on dungeon level 2 with 4031 points, and 2389 pieces of gold, after 781 moves. You were level 5 with a maximum of 43 hit points when you quit.